Workbook
Name \0: #REF!
Name \a: #REF!
Name \b: #REF!
Name \b: #N/A
Name \c: #REF!
Name \c: #N/A
Name \e: #REF!
Name \e: #N/A
Name \f: #REF!
Name \i: #REF!
Name \i: #N/A
Name \L: #REF!
Name \m: #REF!
Name \m: #N/A
Name \P: #REF!
Name \r: #REF!
Name \r: #N/A
Name \s: #REF!
Name \t: #REF!
Name \t: #N/A
Name \x: #REF!
Name \x: #N/A
Name \z: #REF!
Name \z: #N/A
Name _: #REF!
Name _________\a: #REF!
Name _________\s: #REF!
Name _________\X: #N/A
Name _________\Z: #N/A
Name __________________________________________________i1: #REF!
Name _________________________________________________AFC1: #REF!
Name _________________________________________________AFC3: #REF!
Name _________________________________________________AFC5: #REF!
Name _________________________________________________BGC1: #REF!
Name _________________________________________________BGC3: #REF!
Name _________________________________________________BGC5: #REF!
Name _________________________________________________CAC1: #REF!
Name _________________________________________________CAC3: #REF!
Name _________________________________________________CAC5: #REF!
Name _________________________________________________i1: #REF!
Name _________________________________________________SBC1: #REF!
Name _________________________________________________SBC3: #REF!
Name _________________________________________________SBC5: #REF!
Name ________________________________________________AFC1: #REF!
Name ________________________________________________AFC3: #REF!
Name ________________________________________________AFC5: #REF!
Name ________________________________________________BGC1: #REF!
Name ________________________________________________BGC3: #REF!
Name ________________________________________________BGC5: #REF!
Name ________________________________________________CAC1: #REF!
Name ________________________________________________CAC3: #REF!
Name ________________________________________________CAC5: #REF!
Name ________________________________________________i1: #REF!
Name ________________________________________________SBC1: #REF!
Name ________________________________________________SBC3: #REF!
Name ________________________________________________SBC5: #REF!
Name _______________________________________________AFC1: #REF!
Name _______________________________________________AFC3: #REF!
Name _______________________________________________AFC5: #REF!
Name _______________________________________________BGC1: #REF!

Sheet Materiales
C2: ='PRESUPUESTO DE OBRA'!A1 -> CONSTRUCCIÓN DE OBRAS DE MEJORAMIENTO PUENTE VEREDA QUITASOL MUNICIPIO DE SANTA ROSA DE OSOS -ANTIOQUIA | L2: Transporte Vehicular
C3: DEPARTAMENTO DE ANTIOQUIA | L3: Transporte mular
C4: SECRETARÍA DE PLANEACIÓN Y OBRAS PÚBLICAS
C5: PRECIOS MATERIALES EN LA CABECERA MUNICIPAL MUNICIPIO DE SANTA ROSA DE OSOS - ANT.
B7: ITEM | C7: MATERIAL | D7: UND | E7: VLR UND | F7: PESO KG X UND | G7: VLR TTE UNIDAD | H7: VALR TTE MULAR UND | I7: VLR TTAL UND | J7: IMPUESTOS | K7: VLR TTAL MATERIAL
B9: 1 | C9: MANO DE OBRA
B11: =+B9+0.01 -> 1.01 | C11: Ayudante de Cerrajería sin prestaciones | D11: Día | E11: 32000 | I11: =+E11+G11+H11 -> 32000 | K11: =+I11+J11 -> 32000
B12: =+B11+0.01 -> 1.02 | C12: Ayudante Raso Día sin prestaciones | D12: Día | E12: 25250 | I12: =+E12+G12+H12 -> 25250 | K12: =+I12+J12 -> 25250
B13: =+B12+0.01 -> 1.03 | C13: Ayudante entendido día sin prestaciones | D13: Día | E13: 30150 | I13: =+E13+G13+H13 -> 30150 | K13: =+I13+J13 -> 30150
B14: =+B13+0.01 -> 1.04 | C14: Botada de tierra en Sitio | D14: M³ | E14: 16000 | I14: =+E14+G14+H14 -> 16000 | K14: =+I14+J14 -> 16000
B15: =+B14+0.01 -> 1.05 | C15: Cerrajero | D15: Día | E15: 52000 | I15: =+E15+G15+H15 -> 52000 | K15: =+I15+J15 -> 52000
B16: =+B15+0.01 -> 1.06 | C16: Comisión de Topografía | D16: Día | E16: 300000 | I16: =+E16+G16+H16 -> 300000 | K16: =+I16+J16 -> 300000
B17: =+B16+0.01 -> 1.07 | C17: Construcción de Casetón en madera común, Recuperable | D17: M² | E17: 3800 | I17: =+E17+G17+H17 -> 3800 | K17: =+I17+J17 -> 3800
B18: =+B17+0.01 -> 1.08 | C18: Instalación Ala puerta 0,70 En Madera | D18: Und | E18: 18000 | I18: =+E18+G18+H18 -> 18000 | K18: =+I18+J18 -> 18000
B19: =+B18+0.01 -> 1.09 | C19: Instalación Ala Puerta 0,80 en madera | D19: Und | E19: 18000 | I19: =+E19+G19+H19 -> 18000 | K19: =+I19+J19 -> 18000
B20: =+B19+0.01 -> 1.1 | C20: Instalación Ala Puerta 0,90 en Madera | D20: Und | E20: 18000 | I20: =+E20+G20+H20 -> 18000 | K20: =+I20+J20 -> 18000
B21: =+B20+0.01 -> 1.11 | C21: Instalación de Cerraduras De golpe y Pomo | D21: Und | E21: 7500 | I21: =+E21+G21+H21 -> 7500 | K21: =+I21+J21 -> 7500
B22: =+B21+0.01 -> 1.12 | C22: Instalación Juego de Incrustaciones | D22: Und | E22: 20000 | I22: =+E22+G22+H22 -> 20000 | K22: =+I22+J22 -> 20000
B23: =+B22+0.01 -> 1.13 | C23: Instalación Lavamanos, incluye instalación de grifería | D23: Und | E23: 25000 | I23: =+E23+G23+H23 -> 25000 | K23: =+I23+J23 -> 25000
... B26: =+B25+0.01 -> 1.16 | C26: Instalación Marco puerta 0,90 en madera | D26: Und | E26: 28000 | I26: =+E26+G26+H26 -> 28000 | K26: =+I26+J26 -> 28000
B27: =+B48+0.01 -> 1.29 | C27: Instalación Reja metálcia en varilla cuadrada de 1" | D27: M² | E27: 35000 | I27: =+E27+G27+H27 -> 35000 | K27: =+I27+J27 -> 35000
B28: =+B49+0.01 -> 1.3 | C28: Instalación de puerta Vidriera con marco, con chapetas | D28: M² | E28: 17500 | I28: =+E28+G28+H28 -> 17500 | K28: =+I28+J28 -> 17500
B29: =+B50+0.01 -> 1.3 | C29: Instalación de puerta En aluminio sin cerradura | D29: Und | E29: 9500 | I29: =+E29+G29+H29 -> 9500 | K29: =+I29+J29 -> 9500
B30: =+B26+0.01 -> 1.17 | C30: Instalación Sanitario, incluye instalación de grifería | D30: Und | E30: 25000 | I30: =+E30+G30+H30 -> 25000 | K30: =+I30+J30 -> 25000
B31: =+B30+0.01 -> 1.18 | C31: Instalación Ventanería en Aluminio | D31: M² | E31: 6500 | I31: =+E31+G31+H31 -> 6500 | K31: =+I31+J31 -> 6500
B32: =+B30+0.01 -> 1.18 | C32: Mano de Obra Salida eléctrica a 110 con cableado | D32: Und | E32: 12000 | I32: =+E32+G32+H32 -> 12000 | K32: =+I32+J32 -> 12000
B33: =+B31+0.01 -> 1.19 | C33: Mano de Obra Salida eléctrica Sin cableado | D33: Und | E33: 6000 | I33: =+E33+G33+H33 -> 6000 | K33: =+I33+J33 -> 6000
B34: =+B33+0.01 -> 1.2 | C34: Ofiacial Día 1a Acabados sin prestaciones | D34: Día | E34: 40000 | I34: =+E34+G34+H34 -> 40000 | K34: =+I34+J34 -> 40000
B35: =+B34+0.01 -> 1.21 | C35: Ofiacial Instalador Drywall sin prestaciones | D35: Día | E35: 40000 | I35: =+E35+G35+H35 -> 40000 | K35: =+I35+J35 -> 40000
B36: =+B34+0.01 -> 1.21 | C36: Ofiacial Día 1a Obra negra sin prestaciones | D36: Día | E36: 35600 | I36: =+E36+G36+H36 -> 35600 | K36: =+I36+J36 -> 35600
B37: =+B36+0.01 -> 1.22 | C37: Ofiacial Día Plomería sin prestaciones | D37: Día | E37: 40000 | I37: =+E37+G37+H37 -> 40000 | K37: =+I37+J37 -> 40000
B38: =+B37+0.01 -> 1.23 | C38: Pintura Barniz 3 Manos con pistola lineal | D38: Ml | E38: 2500 | I38: =+E38+G38+H38 -> 2500 | K38: =+I38+J38 -> 2500
B39: =+B38+0.01 -> 1.24 | C39: Pintura Barniz 3 Manos con pistola | D39: M² | E39: 4200 | I39: =+E39+G39+H39 -> 4200 | K39: =+I39+J39 -> 4200
B40: 1.24 | C40: Mano de Obra enchape en piedra | D40: M² | E40: 12500 | I40: =+E40+G40+H40 -> 12500 | K40: =+I40+J40 -> 12500
B41: =+B39+0.01 -> 1.25 | C41: Mano de obra salida de voz | D41: Salida | E41: 12000 | I41: =+E41+G41+H41 -> 12000 | K41: =+I41+J41 -> 12000
B42: =+B40+0.01 -> 1.25 | C42: Mano de obra salida de sonido | D42: Salida | E42: 12000 | I42: =+E42+G42+H42 -> 12000 | K42: =+I42+J42 -> 12000
B43: =+B40+0.01 -> 1.25 | C43: Mano de obra salida de Datos | D43: Salida | E43: 12000 | I43: =+E43+G43+H43 -> 12000 | K43: =+I43+J43 -> 12000
B44: =+B41+0.01 -> 1.26 | C44: Mano de obra salida de Televisión | D44: Salida | E44: 12000 | I44: =+E44+G44+H44 -> 12000 | K44: =+I44+J44 -> 12000
B45: =+B41+0.01 -> 1.26 | C45: Mano de obra carpinteria por metro lineal gurda escobas | D45: ml | E45: 3500 | I45: =+E45+G45+H45 -> 3500 | K45: 3800
B46: =+B45+0.01 -> 1.27 | C46: Mano de obra red electrica con cableado | D46: ml | E46: 11000 | I46: =+E46+G46+H46 -> 11000 | K46: =+I46+J46 -> 11000
B47: =+B46+0.01 -> 1.28 | C47: Mano de obra red electrica sin cableado | D47: ml | E47: 5500 | I47: =+E47+G47+H47 -> 5500 | K47: =+I47+J47 -> 5500
B48: =+B46+0.01 -> 1.28 | C48: Mano de obra pintura pared 3 Manos | D48: M² | E48: 5000 | I48: =+E48+G48+H48 -> 5000 | K48: =+I48+J48 -> 5000
B49: =+B47+0.01 -> 1.29 | C49: Mano de obra pintura cielo 3 Manos | D49: M² | E49: 5000 | I49: =+E49+G49+H49 -> 5000 | K49: =+I49+J49 -> 5000
B50: =+B47+0.01 -> 1.29 | C50: Mano de obra pintura con pistola 3 Manos | D50: M² | E50: 5500 | I50: =+E50+G50+H50 -> 5500 | K50: =+I50+J50 -> 5500
B51: =+B46+0.01 -> 1.28 | C51: Mano de obra Estuco | D51: M² | E51: 5500 | I51: =+E51+G51+H51 -> 5500 | K51: =+I51+J51 -> 5500
B52: =+B48+0.01 -> 1.29 | C52: Mano de obra Instalación poso séptico | D52: Und | E52: 200000 | I52: =+E52+G52+H52 -> 200000 | K52: =+I52+J52 -> 200000
B54: 2 | C54: MATERIAL EN VOLQUETA
B56: =+B54+0.01 -> 2.01 | C56: Tierra M³ en Volqueta con paleros | D56: M³ | E56: 32500 | F56: 1000 | I56: =+E56+G56+H56 -> 32500 | K56: =+I56+J56 -> 32500
B57: =+B55+0.01 -> 0.01 | C57: Gravilla (Arena y Triturado de Río) | D57: M³ | E57: =300000/7 -> 42857.143 | F57: 1000 | H57: 12000 | I57: =+E57+G57+H57 -> 54857.143 | K57: =+I57+J57 -> 54857.143
B58: =+B56+0.01 -> 2.02 | C58: Triturado de 3/4" Con volqueta | D58: M³ | E58: =300000/7 -> 42857.143 | F58: 1000 | I58: =+E58+G58+H58 -> 42857.143 | K58: =+I58+J58 -> 42857.143
B59: =+B58+0.01 -> 2.03 | C59: Arena de Revoque con volqueta | D59: M³ | E59: =300000/7 -> 42857.143 | F59: 1000 | H59: 12000 | I59: =+E59+G59+H59 -> 54857.143 | K59: =+I59+J59 -> 54857.143
B60: =+B59+0.01 -> 2.04 | C60: Arena de Concreto Con volqueta | D60: M³ | E60: =300000/7 -> 42857.143 | F60: 1000 | H60: 12000 | I60: =+E60+G60+H60 -> 54857.143 | K60: =+I60+J60 -> 54857.143
B61: =+B60+0.01 -> 2.05 | C61: Piedra cantera con volqueta | D61: M³ | E61: 55000 | F61: 1000 | I61: =+E61+G61+H61 -> 55000 | K61: =+I61+J61 -> 55000
B62: =+B61+0.01 -> 2.06 | C62: Base Granular en Volqueta | D62: M³ | E62: 42500 | I62: =+E62+G62+H62 -> 42500 | K62: =+I62+J62 -> 42500
B63: =+B62+0.01 -> 2.07 | C63: Arena de pega con Volqueta | D63: M³ | E63: 42500 | I63: =+E63+G63+H63 -> 42500 | K63: =+I63+J63 -> 42500
B64: =+B63+0.01 -> 2.08 | C64: Piedra para entresuelo con volqueta | D64: M³ | E64: 42500 | I64: =+E64+G64+H64 -> 42500 | K64: =+I64+J64 -> 42500
B65: =+B64+0.01 -> 2.09 | C65: Piedra de 1/2" redonda | D65: M³ | E65: 42500 | I65: =+E65+G65+H65 -> 42500 | K65: =+I65+J65 -> 42500
B66: =+B65+0.01 -> 2.1 | C66: Afirmado | D66: M³ | E66: 41000 | I66: =+E66+G66+H66 -> 41000 | K66: =+I66+J66 -> 41000
B67: =+B66+0.01 -> 2.11 | C67: Piedra de cantera Para ciclópeo | D67: M³ | E67: 55000 | I67: =+E67+G67+H67 -> 55000 | K67: =+I67+J67 -> 55000
B68: =+B67+0.01 -> 2.12 | C68: Piedra de Valdivia en Volqueta | D68: M² | E68: 59500 | I68: =+E68+G68+H68 -> 59500 | K68: =+I68+J68 -> 59500
B69: =+B68+0.01 -> 2.13 | C69: Botada de escombros | D69: M³ | E69: 32500 | I69: =+E69+G69+H69 -> 32500 | K69: =+I69+J69 -> 32500
B71: 3 | C71: MATERIALES FERRETERÍA
B73: =+B71+0.01 -> 3.01 | C73: Accesorio valvula de paso 1/2 matalico | D73: Und | E73: 5000 | I73: =+E73+G73+H73 -> 5000 | K73: =+I73+J73 -> 5000
B74: =+B73+0.01 -> 3.02 | C74: Adaptador terminal PVC eléctrico 11/2" | D74: Und | E74: 1650 | I74: =+E74+G74+H74 -> 1650 | K74: =+I74+J74 -> 1650
B75: =+B74+0.01 -> 3.03 | C75: Adaptador terminal PVC eléctrico 1/2" | D75: Und | E75: 950 | I75: =+E75+G75+H75 -> 950 | K75: =+I75+J75 -> 950
B76: =+B74+0.01 -> 3.03 | C76: Agua M³ | D76: M³ | E76: 1200 | I76: =+E76+G76+H76 -> 1200 | K76: =+I76+J76 -> 1200
B77: =+B76+0.01 -> 3.04 | C77: Ala Puerta Madera de 0,70 | D77: Und | E77: 95000 | I77: =+E77+G77+H77 -> 95000 | K77: =+I77+J77 -> 95000
B78: =+B77+0.01 -> 3.05 | C78: Ala Puerta Madera de 0,80 | D78: Und | E78: 110000 | I78: =+E78+G78+H78 -> 110000 | K78: =+I78+J78 -> 110000
B79: =+B77+0.01 -> 3.05 | C79: Ala Puerta Madera de 0,90 | D79: Und | E79: 145000 | I79: =+E79+G79+H79 -> 145000 | K79: =+I79+J79 -> 145000
B80: =+B79+0.01 -> 3.06 | C80: Ala Puerta Madera de 100 | D80: Und | E80: 160000 | I80: =+E80+G80+H80 -> 160000 | K80: =+I80+J80 -> 160000
B81: =+B80+0.01 -> 3.07 | C81: Alamb. Cu timbre-telef. JPWATT 2x22 | D81: Ml | E81: 4500 | I81: =+E81+G81+H81 -> 4500 | K81: =+I81+J81 -> 4500
B82: =+B80+0.01 -> 3.07 | C82: Alamb.Cu timbre-sonido.JWP ATT 2x22 | D82: Ml | E82: 4500 | I82: =+E82+G82+H82 -> 4500 | K82: =+I82+J82 -> 4500
B83: =+B82+0.01 -> 3.08 | C83: Alambre de cobre aislado THW # 1/0 | D83: Ml | E83: 15400 | I83: =+E83+G83+H83 -> 15400 | K83: =+I83+J83 -> 15400
B84: =+B83+0.01 -> 3.09 | C84: Alambre de cobre aislado THW # 6 | D84: Ml | E84: 7200 | I84: =+E84+G84+H84 -> 7200 | K84: =+I84+J84 -> 7200
B85: =+B83+0.01 -> 3.09 | C85: Alambre de cobre aislado THW # 10 | D85: Ml | E85: 2500 | I85: =+E85+G85+H85 -> 2500 | K85: =+I85+J85 -> 2500
B86: =+B85+0.01 -> 3.1 | C86: Alambre de cobre aislado THW # 12 | D86: Ml | E86: 1400 | I86: =+E86+G86+H86 -> 1400 | K86: =+I86+J86 -> 1400
B87: =+B86+0.01 -> 3.11 | C87: Baldosa monocolor 30 x 30 | D87: M² | E87: 27200 | I87: =+E87+G87+H87 -> 27200 | K87: =+I87+J87 -> 27200
B88: =+B86+0.01 -> 3.11 | C88: Baldosa monocolor para guarda escobas | D88: Ml | E88: 2700 | I88: =+E88+G88+H88 -> 2700 | K88: =+I88+J88 -> 2700
B89: =+B88+0.01 -> 3.12 | C89: Baldosín 20 x 20 cm blanco corona | D89: M² | E89: 29500 | I89: =+E89+G89+H89 -> 29500 | K89: =+I89+J89 -> 29500
B90: =+B89+0.01 -> 3.13 | C90: Bisagra nudo 3,1 1/2 x 3,1 1/2 de Cobre | D90: Und | E90: 2000 | I90: =+E90+G90+H90 -> 2000 | K90: =+I90+J90 -> 2000
B91: =+B89+0.01 -> 3.13 | C91: Bloque de concreto 15 x 20 x 40 | D91: Und | E91: 2300 | I91: =+E91+G91+H91 -> 2300 | K91: =+I91+J91 -> 2300
B92: =+B91+0.01 -> 3.14 | C92: Bombilla Ahorradora luz blanca | D92: Und | E92: 16500 | I92: =+E92+G92+H92 -> 16500 | K92: =+I92+J92 -> 16500
B93: =+B92+0.01 -> 3.15 | C93: Caballetera 15° | D93: Und | E93: 17500 | I93: =+E93+G93+H93 -> 17500 | K93: =+I93+J93 -> 17500
B94: =+B92+0.01 -> 3.15 | C94: Cable coaxial | D94: ml | E94: 3600 | I94: =+E94+G94+H94 -> 3600 | K94: =+I94+J94 -> 3600
B95: =+B94+0.01 -> 3.16 | C95: Cable para datos con terminales | D95: ml | E95: 3800 | I95: =+E95+G95+H95 -> 3800 | K95: =+I95+J95 -> 3800
B96: =+B95+0.01 -> 3.17 | C96: Caja empalme galv. recta 4" x 4" | D96: Und | E96: 4300 | I96: =+E96+G96+H96 -> 4300 | K96: =+I96+J96 -> 4300
B97: =+B95+0.01 -> 3.17 | C97: Cal Bto x 50 kg | D97: Bto | E97: 29500 | I97: =+E97+G97+H97 -> 29500 | K97: =+I97+J97 -> 29500
B98: =+B97+0.01 -> 3.18 | C98: Csetón en icopor, no recuperable | D98: M² | E98: 18500 | I98: =+E98+G98+H98 -> 18500 | K98: =+I98+J98 -> 18500
B99: =+B98+0.01 -> 3.19 | C99: Cemento Blanco x 25 kg | D99: Bto | E99: 29500 | I99: =+E99+G99+H99 -> 29500 | K99: 34500
B100: =+B98+0.01 -> 3.19 | C100: Cemento Gris x 50 kg | D100: Bto | E100: 23200 | G100: 3000 | H100: 6000 | I100: =+E100+G100+H100 -> 32200 | K100: =+I100+J100 -> 32200
B101: =+B100+0.01 -> 3.2 | C101: Cerradura de POMO | D101: Und | E101: 27000 | I101: =+E101+G101+H101 -> 27000 | K101: =+I101+J101 -> 27000
B102: =+B101+0.01 -> 3.21 | C102: Cerradura tipo GATO de golpe con cerrojo de tres pasos | D102: Und | E102: 22500 | I102: =+E102+G102+H102 -> 22500 | K102: =+I102+J102 -> 22500
B103: =+B101+0.01 -> 3.21 | C103: Clavo común de 2" | D103: Lb | E103: 2500 | I103: =+E103+G103+H103 -> 2500 | K103: =+I103+J103 -> 2500
B104: =+B103+0.01 -> 3.22 | C104: Clavos acero | D104: Lb | E104: 2500 | H104: 50 | I104: =+E104+G104+H104 -> 2550 | K104: =+I104+J104 -> 2550
B105: =+B104+0.01 -> 3.23 | C105: Codo 45° 1/8 cxe 3" PVC | D105: Und | E105: 3200 | I105: =+E105+G105+H105 -> 3200 | K105: =+I105+J105 -> 3200
B106: =+B104+0.01 -> 3.23 | C106: Codo 45° cxe 1/2"PVC | D106: Und | E106: 940 | I106: =+E106+G106+H106 -> 940 | K106: =+I106+J106 -> 940
B107: =+B106+0.01 -> 3.24 | C107: Codo 90° cxc 1/2" PVC | D107: Und | E107: 940 | I107: =+E107+G107+H107 -> 940 | K107: =+I107+J107 -> 940
B108: =+B107+0.01 -> 3.25 | C108: Codo 90°-1/4 cxc 3" PVC | D108: Und | E108: 3200 | I108: =+E108+G108+H108 -> 3200 | K108: =+I108+J108 -> 3200
B109: =+B107+0.01 -> 3.25 | C109: Inodoro sencillo Corona blanco, incluye grifería | D109: Und | E109: 210000 | I109: =+E109+G109+H109 -> 210000 | K109: =+I109+J109 -> 210000
B110: =+B109+0.01 -> 3.26 | C110: Juego de incrustaciones corona Blanco | D110: Juego | E110: 25000 | I110: =+E110+G110+H110 -> 25000 | K110: =+I110+J110 -> 25000
...

Sheet PRESUPUESTO DE OBRA
A1: CONSTRUCCIÓN DE OBRAS DE MEJORAMIENTO PUENTE VEREDA QUITASOL MUNICIPIO DE SANTA ROSA DE OSOS -ANTIOQUIA
A3: ITEM | B3: ESPECIFICACIONES | C3: UNIDADES | D3: CANTIDAD | E3: VLR UNITARIO | F3: VLR TOTAL | G3: CANTIDAD | H3: OBRA EJECUTADA | I3: CANTIDAD | J3: OBRA EJECUTADA | K3: CANTIDAD | L3: OBRA EJECUTADA | M3: CANTIDAD | N3: OBRA EJECUTADA
A4: 1 | B4: PRELIMINARES | F4: =SUM(F5:F5) -> 653933.83 | H4: =SUM(H5:H5) -> 653933.83 | J4: =SUM(J5:J5) -> 0 | L4: =SUM(L5:L5) -> 0 | N4: =SUM(N5:N5) -> 0
A5: 1.1 | B5: Localización y Replanteo (muro de contención cauce y rampa de acceso a puente peatonal) | C5: dia | D5: 1 | E5: =' APU'!E22 -> 653933.83 | F5: =D5*E5 -> 653933.83 | G5: 1 | H5: =G5*E5 -> 653933.83 | I5: =D5-G5 -> 0 | J5: =I5*E5 -> 0 | K5: 0 | L5: =E5*K5 -> 0 | M5: 0 | N5: =E5*M5 -> 0
A6: 2 | B6: EXCAVACIONES Y LLENOS | F6: =SUM(F7:F10) -> 15414276 | H6: =SUM(H7:H10) -> 6040748.6 | J6: =SUM(J7:J10) -> 9373527.8 | L6: =SUM(L7:L10) -> 0 | N6: =SUM(N7:N10) -> 0
A7: 2.1 | B7: Conformación con maquinaria de material aluvial del cauce | C7: m3 | D7: =9*2.2*1 -> 19.8 | E7: =' APU'!E44 -> 16666.862 | F7: =D7*E7 -> 330003.86 | G7: 5 | H7: =G7*E7 -> 83334.308 | I7: =D7-G7 -> 14.8 | J7: =I7*E7 -> 246669.55 | K7: 0 | L7: =E7*K7 -> 0 | M7: 0 | N7: =E7*M7 -> 0
A8: 2.2 | B8: Excavación con maquina de material heterogeneo para lleno | C8: m3 | D8: =45*3*0.5 -> 67.5 | E8: =' APU'!E66 -> 177487.27 | F8: =D8*E8 -> 11980391 | G8: 30 | H8: =G8*E8 -> 5324618.1 | I8: =D8-G8 -> 37.5 | J8: =I8*E8 -> 6655772.6 | K8: 0 | L8: =E8*K8 -> 0 | M8: 0 | N8: =E8*M8 -> 0
A9: 2.3 | B9: Excavación manual en roca ( Incluye compresor y Dinamita ) | C9: m3 | D9: =(45*3*0.3)*0.5 -> 20.25 | E9: =' APU'!E88 -> 93961.758 | F9: =D9*E9 -> 1902725.6 | G9: 2 | H9: =G9*E9 -> 187923.52 | I9: =D9-G9 -> 18.25 | J9: =I9*E9 -> 1714802.1 | K9: 0 | L9: =E9*K9 -> 0 | M9: 0 | N9: =E9*M9 -> 0
A10: 2.4 | B10: Lleno con maquina de material seleccionado de la excavación incluye compactación | C10: m3 | D10: =45*3*0.2 -> 27 | E10: =' APU'!E110 -> 44487.27 | F10: =D10*E10 -> 1201156.3 | G10: 10 | H10: =G10*E10 -> 444872.7 | I10: =D10-G10 -> 17 | J10: =I10*E10 -> 756283.59 | K10: 0 | L10: =E10*K10 -> 0 | M10: 0 | N10: =E10*M10 -> 0
A11: 3 | B11: CONCRETOS | F11: =SUM(F12:F12) -> 11230203 | H11: =SUM(H12:H12) -> 0 | J11: =SUM(J12:J12) -> 11230203 | L11: =SUM(L12:L12) -> 0 | N11: =SUM(N12:N12) -> 0
A12: 3.1 | B12: Suministro, transporte e instalación de concreto Clase D f'c = 21 MPa , para todas las obras (fundaciones, estribos y aletas) | C12: m3 | D12: =9*2.2*0.6 -> 11.88 | E12: =' APU'!E132 -> 945303.32 | F12: =E12*D12 -> 11230203 | G12: 0 | H12: =G12*E12 -> 0 | I12: =D12-G12 -> 11.88 | J12: =I12*E12 -> 11230203 | K12: 0 | L12: =E12*K12 -> 0 | M12: 0 | N12: =E12*M12 -> 0
A13: 4 | B13: ACERO DE REFUERZO | F13: =SUM(F14:F14) -> 16504534 | H13: =SUM(H14:H14) -> 16504534 | J13: =SUM(J14:J14) -> 0 | L13: =SUM(L14:L14) -> 0 | N13: =SUM(N14:N14) -> 0
A14: 4.1 | B14: Suministro, transporte e instalación de acero de refuerzo fy=420 MPa, para todas las obras (muro de contención cauce y rampa de acceso a puente peatonal) | C14: kg | D14: 1836.1973 | E14: =' APU'!E155 -> 8988.4319 | F14: =D14*E14 -> 16504534 | G14: =D14 -> 1836.1973 | H14: =G14*E14 -> 16504534 | I14: =D14-G14 -> 0 | J14: =I14*E14 -> 0 | K14: 0 | L14: =E14*K14 -> 0 | M14: 0 | N14: =E14*M14 -> 0
B15: Total costos directos obra contractual | F15: =F4+F6+F11+F13 -> 43802948 | H15: =H4+H6+H11+H13 -> 23199217 | J15: =J4+J6+J11+J13 -> 20603731 | L15: =L4+L6+L11+L13 -> 0 | N15: =N4+N6+N11+N13 -> 0
A16: RETENCIONES | E16: 0.1452 | F16: =F15*E16 -> 6360188 | H16: =H15*$E$16 -> 3368526.3 | J16: =J15*$E$16 -> 2991661.8 | L16: =L15*$E$16 -> 0 | N16: =N15*$E$16 -> 0
B17: SUB-TOTAL | F17: =F15+F16 -> 50163136 | H17: =H15+H16 -> 26567743 | J17: =J15+J16 -> 23595393 | L17: =L15+L16 -> 0 | N17: =N15+N16 -> 0

Sheet AU
B2: DISCRIMINACION DE LA ADMINISTRACION Y LA UTILIDAD
D3: Unidad | E3: Cant | F3: % | G3: VALOR EN $ | H3: Cantidad | I3: FP | J3: SUBTOTALES ($) | K3: PORCENTAJE (%)
C5: COSTO DIRECTO DEL PROYECTO | G5: =+'PRESUPUESTO DE OBRA'!F15 -> 43802948
C6: COSTO TOTAL DEL PROYECTO | G6: ='PRESUPUESTO DE OBRA'!F17 -> 50163136
B8: 1. | C8: IMPUESTOS MUNICIPALES
B9: 1.1 | C9: Impuestos Municipales. De acuerdo al estatuto tributario de la entidad | J9: =SUM(J10:J13) -> 5694383.2 | K9: =SUM(K10:K13) -> 0.13
C10: Estampilla pro adulto mayor | D10: % | H10: 0.04 | J10: =$G$5*H10 -> 1752117.9 | K10: =+J10/$G$5 -> 0.04
C11: Estampilla procultura | D11: % | H11: 0.02 | J11: =$G$5*H11 -> 876058.96 | K11: =+J11/$G$5 -> 0.02
C12: Estampilla para la Justicia Familiar | D12: % | H12: 0.02 | J12: =$G$5*H12 -> 876058.96 | K12: =+J12/$G$5 -> 0.02
C13: Fondo de seguridad | D13: % | H13: 0.05 | J13: =$G$5*H13 -> 2190147.4 | K13: =+J13/$G$5 -> 0.05
C14: Sobretasa Bomberil (Sobre el resultado rete ICA) | D14: % | H14: =2%*0.8% -> 0.00016 | J14: =$G$5*H14 -> 7008.4717 | K14: =+J14/$G$5 -> 0.00016
C15: Tasa pro deportes. | D15: % | H15: 0.015 | J15: =$G$5*H15 -> 657044.22 | K15: =+J15/$G$5 -> 0.015
B16: 1.2 | C16: Costos de legalización | J16: =SUM(J17:J17) -> 275897.25 | K16: =K17 -> 0.0062986
B17: 1.2.2 | C17: Pólizas de Cumplimiento y RCE | D17: 1 | G17: =G6*0.55% -> 275897.25 | J17: =+G17*D17 -> 275897.25 | K17: =J17/G5 -> 0.0062986
B19: 1.3 | C19: Costos del personal de administración del contrato | J19: =+SUM(J20:J22) -> 3257550 | K19: =SUM(K20:K22) -> 0.074368282
B20: 1.3.2 | C20: Tecnologo en construcciones civiles | D20: Mes | E20: 1 | F20: 0.75 | G20: 3000000 | H20: 1 | I20: 1.4478 | J20: =E20*F20*G20*H20*I20 -> 3257550 | K20: =J20/G5 -> 0.074368282
B24: 1.4 | C24: Otros costos | J24: =+SUM(J25:J29) -> 2100000 | K24: =SUM(K25:K29) -> 0.047941979
B25: 1.4.1 | C25: Arrendamientos, bodegas, servicios Públicos, gastos de papelería, equipos (alquiler), gastos bancarios, caja menor | D25: Und | G25: 700000 | H25: 1 | J25: =+H25*G25 -> 700000 | K25: =+J25/$G$5 -> 0.01598066
B26: 1.4.2 | C26: Ensayos de laboratorio de concretos y densidades, se cancela contra factura y resultado | D26: Und | G26: 500000 | H26: 1 | J26: =+H26*G26 -> 500000 | K26: =+J26/$G$5 -> 0.011414757
B27: 1.4.4 | C27: Señalética durante el tiempo de la obra y cerramiento en Sarán | D27: GL | G27: 350000 | H27: 0 | J27: =+H27*G27 -> 0 | K27: =+J27/$G$5 -> 0
B28: 1.4.5 | C28: Vallas de Información con estructura metálica | D28: GL | G28: 659084.28 | H28: 0 | J28: =+H28*G28 -> 0 | K28: =+J28/$G$5 -> 0
B29: 1.4.6 | C29: Alojamiento y alimentación personal | D29: mes | G29: 900000 | H29: 1 | J29: =+H29*G29 -> 900000 | K29: =+J29/$G$5 -> 0.020546562
B31: 1.5 | C31: Oficina Central | J31: =+SUM(J32:J39) -> 0 | K31: =SUM(K32:K39) -> 0
B32: 1.5.1 | C32: Gerencia | D32: Und | F32: 0 | G32: 11495000 | H32: 4 | I32: 1.4478 | J32: =+G32*F32*H32*I32 -> 0 | K32: =+J32/$G$5 -> 0
B33: 1.5.2 | C33: Jefe de Talento Humano | D33: Und | F33: 0 | G33: 3024000 | H33: 4 | I33: 1.4478 | J33: =+G33*F33*H33*I33 -> 0 | K33: =+J33/$G$5 -> 0
B34: 1.5.3 | C34: Auxiliar contabilidad | D34: Und | F34: 0 | G34: 2350000 | H34: 4 | I34: 1.4478 | J34: =+G34*F34*H34*I34 -> 0 | K34: =+J34/$G$5 -> 0
B35: 1.5.4 | C35: Jefe de Compras | D35: Und | F35: 0 | G35: 3472000 | H35: 4 | I35: 1.4478 | J35: =+G35*F35*H35*I35 -> 0 | K35: =+J35/$G$5 -> 0
B36: 1.5.5 | C36: Mensajería | D36: Und | F36: 0 | G36: 1924903 | H36: 4 | I36: 1.4478 | J36: =+G36*F36*H36*I36 -> 0 | K36: =+J36/$G$5 -> 0
B37: 1.5.6 | C37: Contadora | D37: Und | F37: 0 | G37: 4815000 | H37: 4 | I37: 1.4478 | J37: =+G37*F37*H37*I37 -> 0 | K37: =+J37/$G$5 -> 0
B38: 1.5.7 | C38: Facturación | D38: Und | F38: 0 | G38: 2770000 | H38: 4 | I38: 1.4478 | J38: =+G38*F38*H38*I38 -> 0 | K38: =+J38/$G$5 -> 0
B39: 1.5.8 | C39: Locativos | D39: Und | F39: 0 | G39: 4370000 | H39: 4 | I39: 1.4478 | J39: =+G39*F39*H39*I39 -> 0 | K39: =+J39/$G$5 -> 0
C41: TOTAL ADMINISTRACIÓN | J41: =ROUND(+J24+J19+J16+J9+J31,0) -> 11327830 | K41: =+J41/$G$5 -> 0.25860885 | M41: =G5*27% -> 11826796
C43: UTILIDAD | D43: % | H43: 0.05 | J43: =ROUND(+H43*G5,0) -> 2190147 | K43: =+J43/$G$5 -> 0.049999991
C45: TOTAL AU (%) | J45: =+J41+J43 -> 13517977 | K45: =+J45/G5 -> 0.30860884

Sheet  APU
A1: CONSTRUCCIÓN DE OBRAS DE MEJORAMIENTO PUENTE VEREDA QUITASOL MUNICIPIO DE SANTA ROSA DE OSOS -ANTIOQUIA
A2: SECRETARÍA DE INFRAESTRUCTURA
A3: Análisis de Precios Unitarios
A4: ANALISIS DE PRECIOS UNITARIOS
A5: ='PRESUPUESTO DE OBRA'!B5 -> Localización y Replanteo (muro de contención cauce y rampa de acceso a puente peatonal) | E5: No. Ítem | F5: Unidad
E6: 1.1 | F6: dia
A7: Clave | B7: Materiales | C7: Unidad | D7: Cantidad | E7: V/Unitario | F7: V/Total
A9: Importe de Materiales | C9: =F9/E22 -> 0 | E9: SUBTOTAL | F9: =SUM(F8:F8) -> 0
A10: Clave | B10: Mano de Obra | C10: Unidad | D10: Rendimiento | E10: V/Unitario | F10: V/Total
B11: Topografo | C11: dia | D11: 1 | E11: ='DESG. CUADRILLAS'!F13 -> 368828.14 | F11: =D11*E11 -> 368828.14
B12: Cadenero | C12: dia | D12: 1 | E12: ='DESG. CUADRILLAS'!F14 -> 230156.46 | F12: =D12*E12 -> 230156.46
A14: Importe de Mano de Obra | C14: =F14/E22 -> 0.91597127 | E14: SUBTOTAL | F14: =SUM(F11:F13) -> 598984.6
A15: Clave | B15: Herramienta | C15: Unidad | D15: Cantidad | E15: V/Unitario | F15: V/Total
A16: HERRAMIENTA MENOR | B16: Herramienta menor | C16: (%)mo | D16: 0.05 | E16: =F14 -> 598984.6 | F16: =D16*E16 -> 29949.23
A17: Importe de Herramienta | C17: =F17/E22 -> 0.045798563 | E17: SUBTOTAL | F17: =SUM(F16) -> 29949.23
A18: Clave | B18: Conceptos | C18: Unidad | D18: Cantidad | E18: V/Unitario | F18: V/Total
A19: CARGUE/TRANS | B19: Cargue , transporte de materiales | C19: m3/km | D19: 0.5 | E19: 50000 | F19: =ROUND(E19*D19,0) -> 25000
A20: Importe de Equipos | C20: =F20/E22 -> 0.038230168 | E20: SUBTOTAL | F20: =SUM(F19:F19) -> 25000
A22: P R E C I O U N I T A R I O | E22: =F9+F14+F17+F20 -> 653933.83
A24: =$A$1 -> CONSTRUCCIÓN DE OBRAS DE MEJORAMIENTO PUENTE VEREDA QUITASOL MUNICIPIO DE SANTA ROSA DE OSOS -ANTIOQUIA
A25: SECRETARÍA DE INFRAESTRUCTURA
A26: Análisis de Precios Unitarios
A27: ANALISIS DE PRECIOS UNITARIOS
A28: ='PRESUPUESTO DE OBRA'!B7 -> Conformación con maquinaria de material aluvial del cauce | E28: No. Ítem | F28: Unidad
E29: 2.1 | F29: m3
A30: Clave | B30: Materiales | C30: Unidad | D30: Cantidad | E30: V/Unitario | F30: V/Total
A32: Importe de Materiales | C32: =F32/E44 -> 0 | E32: SUBTOTAL | F32: =SUM(F31:F31) -> 0
A33: Clave | B33: Mano de Obra | C33: Unidad | D33: Rendimiento | E33: V/Unitario | F33: V/Total
B34: Ayudante | C34: und | D34: =D40 -> 0.1 | E34: ='DESG. CUADRILLAS'!F9/8 -> 15874.872 | F34: =E34*D34 -> 1587.4872
A35: Importe de Mano de Obra | C35: =F35/E44 -> 0.095248118 | E35: SUBTOTAL | F35: =SUM(F34) -> 1587.4872
A36: Clave | B36: Herramienta | C36: Unidad | D36: Cantidad | E36: V/Unitario | F36: V/Total
A37: HERRAMIENTA MENOR | B37: Herramienta menor | C37: (%)mo | D37: 0.05 | E37: =F35 -> 1587.4872 | F37: =D37*E37 -> 79.37436
A38: Importe de Herramienta | C38: =F38/E44 -> 0.0047624059 | E38: SUBTOTAL | F38: =SUM(F37) -> 79.37436
A39: Clave | B39: Conceptos | C39: Unidad | D39: Rendimiento | E39: V/Unitario | F39: V/Total
B40: Retroexcavadora de oruga Caterpillar Modelo: 320CL | C40: hr | D40: =1/10 -> 0.1 | E40: 150000 | F40: =D40*E40 -> 15000
A42: Importe de Equipos | C42: =F42/E44 -> 0.89998948 | E42: SUBTOTAL | F42: =SUM(F40:F41) -> 15000
A44: P R E C I O U N I T A R I O | E44: =F32+F35+F38+F42 -> 16666.862
A46: =$A$1 -> CONSTRUCCIÓN DE OBRAS DE MEJORAMIENTO PUENTE VEREDA QUITASOL MUNICIPIO DE SANTA ROSA DE OSOS -ANTIOQUIA
A47: SECRETARÍA DE INFRAESTRUCTURA
A48: Análisis de Precios Unitarios
A49: ANALISIS DE PRECIOS UNITARIOS
A50: ='PRESUPUESTO DE OBRA'!B8 -> Excavación con maquina de material heterogeneo para lleno | E50: No. Ítem | F50: Unidad
E51: 2.2 | F51: m3
A52: Clave | B52: Materiales | C52: Unidad | D52: Cantidad | E52: V/Unitario | F52: V/Total
A54: Importe de Materiales | C54: =F54/E66 -> 0 | E54: SUBTOTAL | F54: =SUM(F53:F53) -> 0
A55: Clave | B55: Mano de Obra | C55: Unidad | D55: Rendimiento | E55: V/Unitario | F55: V/Total
B56: =B100 -> 1 Ayudante entendido | D56: =D62 -> 0.1 | E56: =E100 -> 23688.286 | F56: =D56*E56 -> 2368.8286
A57: Importe de Mano de Obra | C57: =F57/E66 -> 0.01334647 | E57: SUBTOTAL | F57: =SUM(F56) -> 2368.8286
A58: Clave | B58: Herramienta | C58: Unidad | D58: Cantidad | E58: V/Unitario | F58: V/Total
A59: HERRAMIENTA MENOR | B59: Herramienta menor | C59: (%)mo | D59: 0.05 | E59: =F57 -> 2368.8286 | F59: =D59*E59 -> 118.44143
A60: Importe de Herramienta | C60: =F60/E66 -> 0.00066732351 | E60: SUBTOTAL | F60: =SUM(F59) -> 118.44143
A61: Clave | B61: Conceptos | C61: Unidad | D61: Rendimiento | E61: V/Unitario | F61: V/Total
B62: Retroexcavadora de oruga Caterpillar Modelo: 320CL | C62: hr | D62: =1/10 -> 0.1 | E62: 1750000 | F62: =D62*E62 -> 175000
A64: Importe de Equipos | C64: =F64/E66 -> 0.98598621 | E64: SUBTOTAL | F64: =SUM(F62:F63) -> 175000
A66: P R E C I O U N I T A R I O | E66: =F54+F57+F60+F64 -> 177487.27
A68: =$A$1 -> CONSTRUCCIÓN DE OBRAS DE MEJORAMIENTO PUENTE VEREDA QUITASOL MUNICIPIO DE SANTA ROSA DE OSOS -ANTIOQUIA
A69: SECRETARÍA DE INFRAESTRUCTURA
A70: Análisis de Precios Unitarios
A71: ANALISIS DE PRECIOS UNITARIOS
A72: ='PRESUPUESTO DE OBRA'!B9 -> Excavación manual en roca ( Incluye compresor y Dinamita ) | E72: No. Ítem | F72: Unidad
E73: 2.3 | F73: m3
A74: Clave | B74: Materiales | C74: Unidad | D74: Cantidad | E74: V/Unitario | F74: V/Total
B75: Dinamita La POLADYN 31 ECO o CRAS Cemento expansivo | C75: kg | D75: 1 | E75: 50000 | F75: =D75*E75 -> 50000
A76: Importe de Materiales | C76: =F76/E88 -> 0.53213138 | E76: SUBTOTAL | F76: =SUM(F75:F75) -> 50000
A77: Clave | B77: Mano de Obra | C77: Unidad | D77: Rendimiento | E77: V/Unitario | F77: V/Total
B78: ='DESG. CUADRILLAS'!A24 -> 1 Oficial + 1 Ayudante Entendido | C78: m3 | D78: =D84 -> 0.36363636 | E78: ='DESG. CUADRILLAS'!D24/8 -> 57995.08 | F78: =E78*D78 -> 21089.12
A79: Importe de Mano de Obra | C79: =F79/E88 -> 0.22444365 | E79: SUBTOTAL | F79: =SUM(F78) -> 21089.12
A80: Clave | B80: Herramienta | C80: Unidad | D80: Cantidad | E80: V/Unitario | F80: V/Total
A81: HERRAMIENTA MENOR | B81: Herramienta menor | C81: (%)mo | D81: 0.05 | E81: =F79 -> 21089.12 | F81: =D81*E81 -> 1054.456
A82: Importe de Herramienta | C82: =F82/E88 -> 0.011222183 | E82: SUBTOTAL | F82: =SUM(F81) -> 1054.456
A83: Clave | B83: Conceptos | C83: Unidad | D83: Rendimiento | E83: V/Unitario | F83: V/Total
B84: Compresor | C84: hr | D84: =1/2.75 -> 0.36363636 | E84: 60000 | F84: =D84*E84 -> 21818.182
A86: Importe de Equipos | C86: =F86/E88 -> 0.23220278 | E86: SUBTOTAL | F86: =SUM(F84:F85) -> 21818.182
A88: P R E C I O U N I T A R I O | E88: =F76+F79+F82+F86 -> 93961.758
A90: =$A$1 -> CONSTRUCCIÓN DE OBRAS DE MEJORAMIENTO PUENTE VEREDA QUITASOL MUNICIPIO DE SANTA ROSA DE OSOS -ANTIOQUIA
A91: SECRETARÍA DE INFRAESTRUCTURA
A92: Análisis de Precios Unitarios
A93: ANALISIS DE PRECIOS UNITARIOS
A94: ='PRESUPUESTO DE OBRA'!B10 -> Lleno con maquina de material seleccionado de la excavación incluye compactación | E94: No. Ítem | F94: Unidad
E95: 2.4 | F95: m3
A96: Clave | B96: Materiales | C96: Unidad | D96: Cantidad | E96: V/Unitario | F96: V/Total
A98: Importe de Materiales | C98: =F98/E110 -> 0 | E98: SUBTOTAL | F98: =SUM(F97:F97) -> 0
A99: Clave | B99: Mano de Obra | C99: Unidad | D99: Rendimiento | E99: V/Unitario | F99: V/Total
B100: {='DESG. CUADRILLAS'!A21:B21} -> 1 Ayudante entendido | C100: 0 | D100: =D106 -> 0.1 | E100: ='DESG. CUADRILLAS'!D21/8 -> 23688.286 | F100: =D100*E100 -> 2368.8286
A101: Importe de Mano de Obra | C101: =F101/E110 -> 0.053247335 | E101: SUBTOTAL | F101: =SUM(F100) -> 2368.8286
A102: Clave | B102: Herramienta | C102: Unidad | D102: Cantidad | E102: V/Unitario | F102: V/Total
A103: HERRAMIENTA MENOR | B103: Herramienta menor | C103: (%)mo | D103: 0.05 | E103: =F101 -> 2368.8286 | F103: =D103*E103 -> 118.44143
A104: Importe de Herramienta | C104: =F104/E110 -> 0.0026623667 | E104: SUBTOTAL | F104: =SUM(F103) -> 118.44143
A105: Clave | B105: Conceptos | C105: Unidad | D105: Rendimiento | E105: V/Unitario | F105: V/Total
B106: Retroexcavadora de oruga Caterpillar Modelo: 320CL | C106: hr | D106: =1/10 -> 0.1 | E106: 210000 | F106: =D106*E106 -> 21000
B107: Compactador de canguro | C107: hr | D107: 0.1 | E107: 210000 | F107: =D107*E107 -> 21000
A108: Importe de Equipos | C108: =F108/E110 -> 0.9440903 | E108: SUBTOTAL | F108: =SUM(F106:F107) -> 42000
A110: P R E C I O U N I T A R I O | E110: =F98+F101+F104+F108 -> 44487.27
A112: =$A$1 -> CONSTRUCCIÓN DE OBRAS DE MEJORAMIENTO PUENTE VEREDA QUITASOL MUNICIPIO DE SANTA ROSA DE OSOS -ANTIOQUIA
A113: SECRETARÍA DE INFRAESTRUCTURA
A114: Análisis de Precios Unitarios
A115: ANALISIS DE PRECIOS UNITARIOS
A116: ='PRESUPUESTO DE OBRA'!B12 -> Suministro, transporte e instalación de concreto Clase D f'c = 21 MPa , para todas las obras (fundaciones, estribos y aletas) | E116: No. Ítem | F116: Unidad
E117: 3.1 | F117: m3
A118: Clave | B118: Materiales | C118: Unidad | D118: Cantidad | E118: V/Unitario | F118: V/Total
...

Sheet F. PRESTACIONAL
A2: ='PRESUPUESTO DE OBRA'!A1 -> CONSTRUCCIÓN DE OBRAS DE MEJORAMIENTO PUENTE VEREDA QUITASOL MUNICIPIO DE SANTA ROSA DE OSOS -ANTIOQUIA
A8: Sueldos y parafiscales personal por salario mínimo
A9: SALARIO MINIMO 2026 | B9: 1750905 | C9: AUXILIO TRANSPORTE 2026 | E9: 249095
A10: SALARIO ANUAL SMMLV | B10: 1 | C10: 1.2 | D10: 1.5 | E10: 1.8 | F10: 2 | G10: 2.5 | H10: 3 | I10: 3.5 | J10: 4
A11: AUX. TRANS ANUAL SIN DESC (B*12) | B11: =+B12*12 -> 2989140 | C11: =+C12*12 -> 2989140 | D11: =+D12*12 -> 2989140 | E11: =+E12*12 -> 2989140 | F11: =+F12*12 -> 2989140 | G11: =+G12*12 -> 0 | H11: =+H12*12 -> 0 | I11: =+I12*12 -> 0 | J11: =+J12*12 -> 0
A12: (B) AUX. TRANS MES | B12: =$E$9 -> 249095 | C12: =$E$9 -> 249095 | D12: =$E$9 -> 249095 | E12: =$E$9 -> 249095 | F12: =$E$9 -> 249095
A13: (A) SALARIO MES | B13: =ROUND($B$9*B10,0) -> 1750905 | C13: =ROUND($B$9*C10,0) -> 2101086 | D13: =ROUND($B$9*D10,0) -> 2626358 | E13: =ROUND($B$9*E10,0) -> 3151629 | F13: =ROUND($B$9*F10,0) -> 3501810 | G13: =ROUND($B$9*G10,0) -> 4377263 | H13: =ROUND($B$9*H10,0) -> 5252715 | I13: =ROUND($B$9*I10,0) -> 6128168 | J13: =ROUND($B$9*J10,0) -> 7003620
A14: SUELDO ANUAL (Ax 12) | B14: =+ROUND(B13*12,0) -> 21010860 | C14: =+ROUND(C13*12,0) -> 25213032 | D14: =+ROUND(D13*12,0) -> 31516296 | E14: =+ROUND(E13*12,0) -> 37819548 | F14: =+ROUND(F13*12,0) -> 42021720 | G14: =+ROUND(G13*12,0) -> 52527156 | H14: =+ROUND(H13*12,0) -> 63032580 | I14: =+ROUND(I13*12,0) -> 73538016 | J14: =+ROUND(J13*12,0) -> 84043440
A15: (C ) CESANTÍAS (A+B)*10% | B15: =+ROUND((B14+B11)*0.1,0) -> 2400000 | C15: =+ROUND((C14+C11)*0.1,0) -> 2820217 | D15: =+ROUND((D14+D11)*0.1,0) -> 3450544 | E15: =+ROUND((E14+E11)*0.1,0) -> 4080869 | F15: =+ROUND((F14+F11)*0.1,0) -> 4501086 | G15: =+ROUND((G14+G11)*0.1,0) -> 5252716 | H15: =+ROUND((H14+H11)*0.1,0) -> 6303258 | I15: =+ROUND((I14+I11)*0.1,0) -> 7353802 | J15: =+ROUND((J14+J11)*0.1,0) -> 8404344
A16: VACACIONES (A+B) | B16: =+ROUND(B13/2,0) -> 875453 | C16: =+ROUND(C13/2,0) -> 1050543 | D16: =+ROUND(D13/2,0) -> 1313179 | E16: =+ROUND(E13/2,0) -> 1575815 | F16: =+ROUND(F13/2,0) -> 1750905 | G16: =+ROUND(G13/2,0) -> 2188632 | H16: =+ROUND(H13/2,0) -> 2626358 | I16: =+ROUND(I13/2,0) -> 3064084 | J16: =+ROUND(J13/2,0) -> 3501810
A17: PRIMA (A+B) | B17: =+B13+B12 -> 2000000 | C17: =+C13+C12 -> 2350181 | D17: =+D13+D12 -> 2875453 | E17: =+E13+E12 -> 3400724 | F17: =+F13+F12 -> 3750905 | G17: =+G13+G12 -> 4377263 | H17: =+H13+H12 -> 5252715 | I17: =+I13+I12 -> 6128168 | J17: =+J13+J12 -> 7003620
A18: INTERES DE CESANTIA (CX12%) | B18: =+ROUND(B15*(1%*12),0) -> 288000 | C18: =+ROUND(C15*(1%*12),0) -> 338426 | D18: =+ROUND(D15*(1%*12),0) -> 414065 | E18: =+ROUND(E15*(1%*12),0) -> 489704 | F18: =+ROUND(F15*(1%*12),0) -> 540130 | G18: =+ROUND(G15*(1%*12),0) -> 630326 | H18: =+ROUND(H15*(1%*12),0) -> 756391 | I18: =+ROUND(I15*(1%*12),0) -> 882456 | J18: =+ROUND(J15*(1%*12),0) -> 1008521
A19: FIC (Fondo (A+12/40) | B19: =+ROUND((B13*12)/40,0) -> 525272 | C19: =+ROUND((B13*12)/40,0) -> 525272 | D19: =+ROUND((B13*12)/40,0) -> 525272 | E19: =+ROUND((B13*12)/40,0) -> 525272 | F19: =+ROUND((B13*12)/40,0) -> 525272 | G19: =+ROUND((B13*12)/40,0) -> 525272 | H19: =+ROUND(($B$13*12)/40,0) -> 525272 | I19: =+ROUND(($B$13*12)/40,0) -> 525272 | J19: =+ROUND(($B$13*12)/40,0) -> 525272
A20: AUX. TRANSP CON DESC (B/30)-(360-18) | B20: =(B12/30)*(360-18) -> 2839683 | C20: =(C12/30)*(360-18) -> 2839683 | D20: =(D12/30)*(360-18) -> 2839683 | E20: =(E12/30)*(360-18) -> 2839683 | F20: =(F12/30)*(360-18) -> 2839683 | G20: =(G12/30)*(360-18) -> 0 | H20: =(H12/30)*(360-18) -> 0 | I20: =(I12/30)*(360-18) -> 0 | J20: =(J12/30)*(360-18) -> 0
A21: SALUD, ENFERMEDAD GENERAL Y MUERTE SEGÚN CREE | B21: 0 | C21: 0 | D21: 0 | E21: 0 | F21: 0 | G21: 0 | H21: 0 | I21: 0 | J21: 0
A22: PENSIÓN ((A*12)*12%) | B22: =+ROUND(B14*12%,0) -> 2521303 | C22: =+ROUND(C14*12%,0) -> 3025564 | D22: =+ROUND(D14*12%,0) -> 3781956 | E22: =+ROUND(E14*12%,0) -> 4538346 | F22: =+ROUND(F14*12%,0) -> 5042606 | G22: =+ROUND(G14*12%,0) -> 6303259 | H22: =+ROUND(H14*12%,0) -> 7563910 | I22: =+ROUND(I14*12%,0) -> 8824562 | J22: =+ROUND(J14*12%,0) -> 10085213
A23: RIESGOS PROFESIONALES ((A*12)*6,96) | B23: =+ROUND((B13*12)*6.96%,0) -> 1462356 | C23: =+ROUND((C13*12)*6.96%,0) -> 1754827 | D23: =+ROUND((D13*12)*6.96%,0) -> 2193534 | E23: =+ROUND((E13*12)*6.96%,0) -> 2632241 | F23: =+ROUND((F13*12)*6.96%,0) -> 2924712 | G23: =+ROUND((G13*12)*6.96%,0) -> 3655890 | H23: =+ROUND((H13*12)*6.96%,0) -> 4387068 | I23: =+ROUND((I13*12)*6.96%,0) -> 5118246 | J23: =+ROUND((J13*12)*6.96%,0) -> 5849423
A24: CAJA DE COMPENSACIÓN (A*12)*4%) | B24: =+ROUND((B13*12)*4%,0) -> 840434 | C24: =+ROUND((C13*12)*4%,0) -> 1008521 | D24: =+ROUND((D13*12)*4%,0) -> 1260652 | E24: =+ROUND((E13*12)*4%,0) -> 1512782 | F24: =+ROUND((F13*12)*4%,0) -> 1680869 | G24: =+ROUND((G13*12)*4%,0) -> 2101086 | H24: =+ROUND((H13*12)*4%,0) -> 2521303 | I24: =+ROUND((I13*12)*4%,0) -> 2941521 | J24: =+ROUND((J13*12)*4%,0) -> 3361738
A25: SENA SEGÚN CREE | B25: 0 | C25: 0 | D25: 0 | E25: 0 | F25: 0 | G25: 0 | H25: 0 | I25: 0 | J25: 0
A26: ICBF SEGUN CREE | B26: 0 | C26: 0 | D26: 0 | E26: 0 | F26: 0 | G26: 0 | H26: 0 | I26: 0 | J26: 0
A27: DOTACIÓN | B27: 377400 | C27: 377400 | D27: 377400 | E27: 377400 | F27: 377400 | G27: 0 | H27: 0 | I27: 0 | J27: 0
A28: Implementos de seguridad industrial | B28: 172620 | C28: 172620 | D28: 172620 | E28: 172620 | F28: 172620 | G28: 172620 | H28: 172620 | I28: 172620 | J28: 172620
A29: TOTAL (X) | B29: =SUM(B14:B28) -> 35313381 | C29: =SUM(C14:C28) -> 41476286 | D29: =SUM(D14:D28) -> 50720654 | E29: =SUM(E14:E28) -> 59965004 | F29: =SUM(F14:F28) -> 66127908 | G29: =SUM(G14:G28) -> 77734220 | H29: =SUM(H14:H28) -> 93141475 | I29: =SUM(I14:I28) -> 108548747 | J29: =SUM(J14:J28) -> 123956001
A31: SALARIO NOMINAL
A32: ANUAL | B32: =+B11+B14 -> 24000000 | C32: =+C11+C14 -> 28202172 | D32: =+D11+D14 -> 34505436 | E32: =+E11+E14 -> 40808688 | F32: =+F11+F14 -> 45010860 | G32: =+G11+G14 -> 52527156 | H32: =+H11+H14 -> 63032580 | I32: =+I11+I14 -> 73538016 | J32: =+J11+J14 -> 84043440
A33: MENSUAL | B33: =+B12+B13 -> 2000000 | C33: =+C12+C13 -> 2350181 | D33: =+D12+D13 -> 2875453 | E33: =+E12+E13 -> 3400724 | F33: =+F12+F13 -> 3750905 | G33: =+G12+G13 -> 4377263 | H33: =+H12+H13 -> 5252715 | I33: =+I12+I13 -> 6128168 | J33: =+J12+J13 -> 7003620
A34: DÍA | B34: =+B33/30 -> 66666.667 | C34: =+C33/30 -> 78339.367 | D34: =+D33/30 -> 95848.433 | E34: =+E33/30 -> 113357.47 | F34: =+F33/30 -> 125030.17 | G34: =+G33/30 -> 145908.77 | H34: =+H33/30 -> 175090.5 | I34: =+I33/30 -> 204272.27 | J34: =+J33/30 -> 233454
A35: HORA | B35: =+ROUND(B34/8,0) -> 8333 | C35: =+ROUND(C34/8,0) -> 9792 | D35: =+ROUND(D34/8,0) -> 11981 | E35: =+ROUND(E34/8,0) -> 14170 | F35: =+ROUND(F34/8,0) -> 15629 | G35: =+ROUND(G34/8,0) -> 18239 | H35: =+ROUND(H34/8,0) -> 21886 | I35: =+ROUND(I34/8,0) -> 25534 | J35: =+ROUND(J34/8,0) -> 29182
A38: CÁLCULO DEL SOBRECOSTO PARA HORAS EFECTIVAS TRABAJADAS
A39: (F) SALARIO MÍNIMO ANUAL CON PRESTACIONES | C39: =+B29 -> 35313381
A40: (G) HORAS CALENDARIO ANUALES | B40: 360x8 HORAS | C40: =360*8 -> 2880
A41: (H) HORAS LABORALESANUALES | B41: 52 SEMANAS X48 HORAS | C41: =48*52 -> 2496
A42: (I) HORAS EFECTIVAS ANUALES | B42: 2920-((52DOMINGOS+15 FESTIVOS+3PERMISOS+15DIAS VACACIONES)X8 HORAS) | C42: =+(365-53-17-3-15)*8 -> 2216
A43: (J) VALOR HORA CALENDARIO (F/G) | C43: =+C39/C40 -> 12261.591 | D43: 1
A44: (K) VALOR HORA LABORAL (F/H) | C44: =+C39/C41 -> 14147.989 | D44: =+(C44*D43)/C43 -> 1.1538462
A45: (L) VALOR HORA EFECTIVA (F/I) | C45: =+C39/C42 -> 15935.641 | D45: =+(C45*D44)/C44 -> 1.299639
A47: SALARIO ANUAL SMMLV | B47: 1 | C47: 1.2 | D47: 1.5 | E47: 1.8 | F47: 2 | G47: 2.5 | H47: 3 | I47: 3.5 | J47: 4
A48: PORCENTAJE SALARIO VS SALARIO MÁS ADICIONES ((TOTAL ANUALX100%)/(SUELDO ANUAL+AUXILIO TRANSPORTE ANUAL) | B48: =+(B29*100%)/(B11+B14) -> 1.4713909 | C48: =+(C29*100%)/(C11+C14) -> 1.470677 | D48: =+(D29*100%)/(D11+D14) -> 1.4699323 | E48: =+(E29*100%)/(E11+E14) -> 1.4694176 | F48: =+(F29*100%)/(F11+F14) -> 1.4691545 | G48: =+(G29*100%)/(G11+G14) -> 1.4798863 | H48: =+(H29*100%)/(H11+H14) -> 1.4776719 | I48: =+(I29*100%)/(I11+I14) -> 1.4760902 | J48: =+(J29*100%)/(J11+J14) -> 1.4749039
A49: PORCENTAJE HORA EFECTIVA BASE HORA CALENDARIO | B49: =+B48*$D$45 -> 1.9122769 | C49: =+C48*$D$45 -> 1.9113492 | D49: =+D48*$D$45 -> 1.9103813 | E49: =+E48*$D$45 -> 1.9097124 | F49: =+F48*$D$45 -> 1.9093705 | G49: =+G48*$D$45 -> 1.923318 | H49: =+H48*$D$45 -> 1.9204401 | I49: =+I48*$D$45 -> 1.9183844 | J49: =+J48*$D$45 -> 1.9168427

Sheet DESG. CUADRILLAS
A1: ='PRESUPUESTO DE OBRA'!A1 -> CONSTRUCCIÓN DE OBRAS DE MEJORAMIENTO PUENTE VEREDA QUITASOL MUNICIPIO DE SANTA ROSA DE OSOS -ANTIOQUIA
A7: DESCRIPCION | B7: JORNAL | C7: RANGO SALARIAL | D7: SALARIO/DIA | E7: PRESTACIONES SOCIALES | F7: TOTAL
A8: Oficial 1 | B8: =D17/30 -> 58363.5 | C8: 2.85 | D8: =B8*C8 -> 166335.98 | E8: 1.65 | F8: =D8*E8 -> 274454.36
A9: Ayudante raso | B9: =D17/30 -> 58363.5 | C9: 1.28 | D9: =B9*C9 -> 74705.28 | E9: 1.7 | F9: =D9*E9 -> 126998.98
A10: Ayudante entendido | B10: =D17/30 -> 58363.5 | C10: 1.91 | D10: =B10*C10 -> 111474.28 | E10: 1.7 | F10: =D10*E10 -> 189506.28
A11: Electricista | B11: =$D$17/30 -> 58363.5 | C11: 3.11 | D11: =B11*C11 -> 181510.48 | E11: 1.65 | F11: =D11*E11 -> 299492.3
A12: Soldador | B12: =$D$17/30 -> 58363.5 | C12: 3.11 | D12: =B12*C12 -> 181510.48 | E12: 1.65 | F12: =D12*E12 -> 299492.3
A13: Topografo | B13: =D17/30 -> 58363.5 | C13: 3.83 | D13: =B13*C13 -> 223532.21 | E13: 1.65 | F13: =D13*E13 -> 368828.14
A14: Cadenero | B14: =D17/30 -> 58363.5 | C14: 2.39 | D14: =B14*C14 -> 139488.77 | E14: 1.65 | F14: =D14*E14 -> 230156.46
A16: ANALISI MANO DE OBRA
A17: Salario Minimo Mensual Legal Vigente año 2026 | D17: ='F. PRESTACIONAL'!B9 -> 1750905
A18: Subsidio de Transporte (Salario <= 2SMMLV) | D18: ='F. PRESTACIONAL'!E9 -> 249095
A20: ANALISIS DE CUADRILLAS GENERALES
A21: 1 Ayudante entendido | D21: =F10 -> 189506.28
A22: 2 Ayudantes | C22: Cuadrilla 1 | D22: =F9*2 -> 253997.95
A23: 1 Oficial + 1 Ayudante | C23: Cuadrilla 2 | D23: =F8+F9 -> 401453.33
A24: 1 Oficial + 1 Ayudante Entendido | C24: Cuadrilla 3 | D24: =F8+F10 -> 463960.64
A25: 1 Oficial + 2 Ayudante | C25: Cuadrilla 4 | D25: =F8+F9+F9 -> 528452.31
A26: 1 Oficial + 2 Ayudante+ 1 Ayudante entendido | C26: Cuadrilla 5 | D26: =D25+F10 -> 717958.6
A27: 1 Oficial + 3 Ayudantes | C27: Cuadrilla 6 | D27: =F8+F9+F9+F9 -> 655451.29
A28: 1 Oficial + 4 Ayudantes | C28: Cuadrilla 7 | D28: =D27+F9 -> 782450.26
A29: 1 Oficial + 4 Ayudantes+1 Ayudante entendido | C29: Cuadrilla 8 | D29: =D28+F10 -> 971956.55
A30: 1 Oficial + 6 Ayudantes+1 Ayudante entendido | C30: Cuadrilla 9 | D30: =F8+(F9*6)+F10 -> 1225954.5

Sheet INSUMOS
A1: ='PRESUPUESTO DE OBRA'!A1 -> CONSTRUCCIÓN DE OBRAS DE MEJORAMIENTO PUENTE VEREDA QUITASOL MUNICIPIO DE SANTA ROSA DE OSOS -ANTIOQUIA
A7: Código | B7: ACTIVIDADES | C7: Unidad | D7: Valor Unitario
A8: A01 | B8: Acero 60.000 psi | C8: kg | D8: 6500
A9: A02 | B9: Arena fina | C9: m³ | D9: 200000
A10: A03 | B10: Arena de pega | C10: m³ | D10: 110000
A11: A04 | B11: Triturado + Transporte | C11: m³ | D11: 215000
A12: A05 | B12: Bloque en concreto de 15x20x40 | C12: un | D12: 4202
A13: A06 | B13: Bloque concreto R-10Mpa 2P Intermedio 10 X 20 X 40 | C13: un | D13: 3361
A14: A07 | B14: Cemento gris | C14: kg | D14: =41176/50 -> 823.52
B15: Piedra | C15: m3 | D15: =486675/6 -> 81112.5
B16: areana lavada | C16: m3 | D16: 129118

Sheet EQUIPO
A1: ='PRESUPUESTO DE OBRA'!A1 -> CONSTRUCCIÓN DE OBRAS DE MEJORAMIENTO PUENTE VEREDA QUITASOL MUNICIPIO DE SANTA ROSA DE OSOS -ANTIOQUIA
A7: Código | B7: EQUIPO | C7: Unidad | D7: Valor Unitario
A8: E01 | B8: Retroexcavadora | C8: Hr | D8: 150000
A9: E02 | B9: Motoniveladora | C9: Hr | D9: 165000
A10: E03 | B10: Vibrocompactador | C10: Hr | D10: 100000
A11: E04 | B11: Compactador SD70 | C11: Hr | D11: 70000
A12: E05 | B12: Carrotanque agua | C12: Hr | D12: 85000
A13: E06 | B13: Vibrocompactador (Canguro) | C13: Dia | D13: 79000
A14: E07 | B14: Vibrocompactador (Rana) | C14: Dia | D14: 50000
A15: E08 | B15: Vibrador electrico | C15: Dia | D15: 60000
A16: E09 | B16: Cortadora | C16: Dia | D16: 45000
A17: E10 | B17: Compresor Martillo | C17: Hr | D17: 60000
A18: E11 | B18: Concretadora | C18: Dia | D18: 65000
A19: E12 | B19: Motobomba sumergible | C19: Dia | D19: 45000

Sheet CONCRETOS
A1: ='PRESUPUESTO DE OBRA'!A1 -> CONSTRUCCIÓN DE OBRAS DE MEJORAMIENTO PUENTE VEREDA QUITASOL MUNICIPIO DE SANTA ROSA DE OSOS -ANTIOQUIA
A7: MORTEROS Y CONCRETOS
A9: PRECIO ACTUAL DE CEMENTO | C9: Bulto 50 kg | D9: unitario
B10: kg | C10: 52154 | D10: =C10/50 -> 1043.08
A11: PRECIO ACTUAL DE ARENA FINA | B11: m³ | D11: 188000
A12: PRECIO ACTUAL DE ARENA LAVADA DE PEÑA | B12: m³ | D12: 238000
A13: GRAVA | B13: m³ | D13: 318000
A14: AGUA | B14: L | D14: 75
A16: mortero 1:4 con Arena de peña
A17: material | B17: Unidad | C17: Cantidad | D17: Valor unitario | E17: Valor parcial
A18: Cemento | B18: kg | C18: 364 | D18: =D10 -> 1043.08 | E18: =+ROUND(D18*C18,0) -> 379681
A19: Arena fina | B19: m³ | C19: 1.16 | D19: =D11 -> 188000 | E19: =+ROUND(D19*C19,0) -> 218080
A20: Agua | B20: L | C20: 220 | D20: =D14 -> 75 | E20: =+ROUND(D20*C20,0) -> 16500
A21: TOTAL | E21: =SUM(E18:E20) -> 614261
A23: Mortero 1:5 con arena de peña
A24: material | B24: Unidad | C24: Cantidad | D24: Valor unitario | E24: Valor parcial
A25: Cemento | B25: kg | C25: 302 | D25: =D10 -> 1043.08 | E25: =+ROUND(D25*C25,0) -> 315010
A26: Arena fina | B26: m³ | C26: 1.2 | D26: =D11 -> 188000 | E26: =+ROUND(D26*C26,0) -> 225600
A27: Agua | B27: L | C27: 182 | D27: =+D14 -> 75 | E27: =+ROUND(D27*C27,0) -> 13650
A28: TOTAL | E28: =SUM(E25:E27) -> 554260
A30: Concreto 4.000 psi | B30: 280 kg/cm²
A31: material | B31: Unidad | C31: Cantidad | D31: Valor unitario | E31: Valor parcial
A32: Cemento | B32: kg | C32: 420 | D32: =D10 -> 1043.08 | E32: =+ROUND(D32*C32,0) -> 438094
A33: Arena lavada de río | B33: m³ | C33: 0.67 | D33: =D12 -> 238000 | E33: =+ROUND(D33*C33,0) -> 159460
A34: Grava | B34: m³ | C34: 0.67 | D34: =D13 -> 318000 | E34: =+ROUND(D34*C34,0) -> 213060
A35: Mezcladora de trompo | B35: día | C35: 0.13 | D35: 45000 | E35: =+ROUND(D35*C35,0) -> 5850
A36: Agua | B36: L | C36: 260 | D36: =+D14 -> 75 | E36: =+ROUND(D36*C36,0) -> 19500
A37: TOTAL | E37: =SUM(E32:E36) -> 835964
A39: Concreto 3.500 psi | B39: 246 kg/cm²
A40: material | B40: Unidad | C40: Cantidad | D40: Valor unitario | E40: Valor parcial
A41: Cemento | B41: kg | C41: 380 | D41: =D10 -> 1043.08 | E41: =+ROUND(D41*C41,0) -> 396370
A42: Arena lavada de río | B42: m³ | C42: 0.6 | D42: =D12 -> 238000 | E42: =+ROUND(D42*C42,0) -> 142800
A43: Grava | B43: m³ | C43: 0.76 | D43: =D13 -> 318000 | E43: =+ROUND(D43*C43,0) -> 241680
A44: Mezcladora de trompo | B44: día | C44: 0.13 | D44: =D35 -> 45000 | E44: =+ROUND(D44*C44,0) -> 5850
A45: Agua | B45: L | C45: 250 | D45: =+D14 -> 75 | E45: =+ROUND(D45*C45,0) -> 18750
A46: TOTAL | E46: =SUM(E41:E45) -> 805450
A48: Concreto 3.000 psi | B48: 210 kg/cm²
A49: material | B49: Unidad | C49: Cantidad | D49: Valor unitario | E49: Valor parcial
A50: Cemento | B50: kg | C50: 350 | D50: =D10 -> 1043.08 | E50: =+ROUND(D50*C50,0) -> 365078 | H50: =45000/50 -> 900
A51: Arena lavada de río | B51: m³ | C51: 0.56 | D51: =D12 -> 238000 | E51: =+ROUND(D51*C51,0) -> 133280
A52: Grava | B52: m³ | C52: 0.84 | D52: =D13 -> 318000 | E52: =+ROUND(D52*C52,0) -> 267120
A53: Mezcladora de trompo | B53: día | C53: 0.23 | D53: =D44 -> 45000 | E53: =+ROUND(D53*C53,0) -> 10350
A54: Agua | B54: L | C54: 180 | D54: =+D14 -> 75 | E54: =+ROUND(D54*C54,0) -> 13500
A55: TOTAL | E55: =SUM(E50:F54)*1.05 -> 828794.4
A57: Concreto 2.500 psi | B57: 175 kg/cm²
A58: material | B58: Unidad | C58: Cantidad | D58: Valor unitario | E58: Valor parcial
A59: Cemento | B59: kg | C59: 260 | D59: =D10 -> 1043.08 | E59: =+ROUND(D59*C59,0) -> 271201
A60: Arena lavada de río | B60: m³ | C60: 0.52 | D60: =D12 -> 238000 | E60: =+ROUND(D60*C60,0) -> 123760
A61: Grava | B61: m³ | C61: 0.94 | D61: =D13 -> 318000 | E61: =+ROUND(D61*C61,0) -> 298920
A62: Mezcladora de trompo | B62: día | C62: 0.13 | D62: =D53 -> 45000 | E62: =+ROUND(D62*C62,0) -> 5850
A63: Agua | B63: L | C63: 170 | D63: =+D14 -> 75 | E63: =+ROUND(D63*C63,0) -> 12750
A64: TOTAL | E64: =SUM(E59:E63) -> 712481
A66: Concreto 2.000 psi | B66: 140 kg/cm²
A67: material | B67: Unidad | C67: Cantidad | D67: Valor unitario | E67: Valor parcial
A68: Cemento | B68: kg | C68: 230 | D68: =D10 -> 1043.08 | E68: =+ROUND(D68*C68,0) -> 239908
A69: Arena lavada de río | B69: m³ | C69: 0.55 | D69: =D12 -> 238000 | E69: =+ROUND(D69*C69,0) -> 130900
A70: Grava | B70: m³ | C70: 0.92 | D70: =D13 -> 318000 | E70: =+ROUND(D70*C70,0) -> 292560
A71: Mezcladora de trompo | B71: día | C71: 0.13 | D71: =D62 -> 45000 | E71: =+ROUND(D71*C71,0) -> 5850
A72: Agua | B72: L | C72: 170 | D72: =+D14 -> 75 | E72: =+ROUND(D72*C72,0) -> 12750
A73: TOTAL | E73: =SUM(E68:E72) -> 681968
A75: Concreto pobre 1.500 psi | B75: 105 kg/cm²
A76: material | B76: Unidad | C76: Cantidad | D76: Valor unitario | E76: Valor parcial
A77: Cemento | B77: kg | C77: 175 | D77: =D10 -> 1043.08 | E77: =+ROUND(D77*C77,0) -> 182539
A78: Arena lavada de río | B78: m³ | C78: 0.55 | D78: =D12 -> 238000 | E78: =+ROUND(D78*C78,0) -> 130900
A79: Grava | B79: m³ | C79: 0.98 | D79: =D13 -> 318000 | E79: =+ROUND(D79*C79,0) -> 311640
A80: Mezcladora de trompo | B80: día | C80: 0.13 | D80: =D71 -> 45000 | E80: =+ROUND(D80*C80,0) -> 5850
A81: Agua | B81: L | C81: 160 | D81: =+D14 -> 75 | E81: =+ROUND(D81*C81,0) -> 12000
A82: TOTAL | E82: =SUM(E77:F81) -> 642929
A84: CONCRETOS
A85: TIPO en psi | B85: Unidad | C85: Cantidad | D85: Valor unitario
A86: 1.500 Normal | B86: m³ | C86: 1 | D86: =E82 -> 642929
A87: 2.000 Normal | B87: m³ | C87: 1 | D87: =E73 -> 681968
A88: 2.500 Normal | B88: m³ | C88: 1 | D88: =E64 -> 712481
A89: 3.000 Normal | B89: m³ | C89: 1 | D89: =E55 -> 828794.4
A90: 3.500 Normal | B90: m³ | C90: 1 | D90: =E46 -> 805450

Sheet CONCRETOS Y MORTEROS
B2: MUNICIPIO DE REMEDIOS
B5: ANALISIS DE PRECIOS UNITARIOS A.P.U.
A6: PROYECTO: | B6: PLACA HUELLA
A7: DESCRIPCION: | E7: UNIDAD | F7: ITEM:
A8: Concreto 21Mpa en obra 1:2:3 | E8: m3
A10: RECURSOS | B10: UN | C10: CANTIDAD | D10: RENDIMIENTO | E10: Valor UNIT. | F10: VALOR TOTAL
A12: MATERIALES
A13: triturado de 3/4 pulg | B13: m3 | C13: =0.835*1.05 -> 0.87675 | D13: 1 | E13: 65400 | F13: =ROUND(E13*(C13/D13),0) -> 57339
A14: arena de concreto | B14: m3 | C14: =0.555*1.1 -> 0.6105 | D14: 1 | E14: 38080 | F14: =ROUND(E14*(C14/D14),0) -> 23248
A15: cemento gris tipo I (50 kg) | B15: sac | C15: =7*1.1 -> 7.7 | D15: 1 | E15: 30000 | F15: =ROUND(E15*(C15/D15),0) -> 231000
A16: agua | B16: l | C16: 180 | D16: 1 | E16: 30 | F16: =ROUND(E16*(C16/D16),0) -> 5400
E18: Subtotal = | F18: =SUM(F13:F17) -> 316987
A19: EQUIPO
A20: Herramienta | B20: Gl | C20: 1 | E20: =F29*0.05 -> 2068.9 | F20: =ROUND(E20*C20,0) -> 2069
A21: mezc.1 saco incluye transporte e la obra | B21: día | C21: 1 | D21: 15.384615 | E21: 60000 | F21: =ROUND((C21/D21)*E21,0) -> 3900
F22: =ROUND(E22*C22,0) -> 0
E24: Subtotal = | F24: =SUM(F20:F23) -> 5969
A25: MANO DE OBRA
A26: Ayudante | B26: jor | C26: 1 | D26: 2 | E26: 58446 | F26: =ROUND(E26*(C26/D26),0) -> 29223
A27: Oficial | B27: jor | C27: 1 | D27: 10 | E27: 121552 | F27: =ROUND(E27*(C27/D27),0) -> 12155
F28: =ROUND(E28*C28,0) -> 0
E29: Subtotal = | F29: =SUM(F26:F28) -> 41378
A30: TRANSPORTE
C31: Distancia | D31: m3/Km
A32: Transporte saco cemento | B32: saco | C32: 7.7 | E32: 1360 | F32: =ROUND(E32*C32,0) -> 10472
A33: Transporte de triturado de 3/4 pulg | B33: m3/Km | C33: 63 | D33: =+C33*C13 -> 55.23525 | E33: 4563.93 | F33: =ROUND(E33*D33,0) -> 252090
A34: Tranporte de arena de concreto | B34: m3/Km | C34: 63 | D34: =+C34*C14 -> 38.4615 | E34: =+E33 -> 4563.93 | F34: =ROUND(E34*D34,0) -> 175536
F35: =ROUND(E35*C35,0) -> 0
E36: Subtotal = | F36: =SUM(F32:F35) -> 438098
E37: Total Costo Directo = | F37: =F29+F24+F18+F36 -> 802432
B40: MUNICIPIO DE REMEDIOS
B43: ANALISIS DE PRECIOS UNITARIOS A.P.U.
A44: PROYECTO: | B44: PLACA HUELLA
A45: DESCRIPCION: | E45: UNIDAD | F45: ITEM:
A46: Mortero 1:3 en obra | E46: m3
A48: RECURSOS | B48: UN | C48: CANTIDAD | E48: Valor UNIT. | F48: VALOR TOTAL
A50: MATERIALES
A51: Arena de Pega puesta en obra | B51: m3 | C51: =1.09*1.1 -> 1.199 | D51: 1 | E51: 40000 | F51: =ROUND(E51*(C51/D51),0) -> 47960
A52: cemento gris tipo I (50 kg) | B52: sac | C52: =9*1.1 -> 9.9 | D52: 1 | E52: 28540 | F52: =ROUND(E52*(C52/D52),0) -> 282546
A53: agua | B53: l | C53: 252 | D53: 1 | E53: 30 | F53: =ROUND(E53*(C53/D53),0) -> 7560
E56: Subtotal = | F56: =SUM(F51:F55) -> 338066
A57: EQUIPO
A58: Herramienta | B58: Gl | C58: 1 | E58: =F67*0.05 -> 2653.35 | F58: =ROUND(E58*C58,0) -> 2653
A59: mezc.1 saco elect. | B59: día | C59: 0.065 | E59: 60000 | F59: =ROUND(E59*C59,0) -> 3900
F60: =ROUND(E60*C60,0) -> 0
E62: Subtotal = | F62: =SUM(F58:F61) -> 6553
A63: MANO DE OBRA
A64: Ayudante | B64: jor | C64: 1 | D64: 1.4285714 | E64: 58446 | F64: =ROUND(E64*(C64/D64),0) -> 40912
A65: Oficial | B65: jor | C65: 1 | D65: 10 | E65: 121552 | F65: =ROUND(E65*(C65/D65),0) -> 12155
F66: =ROUND(E66*C66,0) -> 0
E67: Subtotal = | F67: =SUM(F64:F66) -> 53067
A68: TRANSPORTE
A69: Transporte urbano saco cemento | B69: saco | C69: =9*1.1 -> 9.9 | E69: 1300 | F69: =ROUND(E69*C69,0) -> 12870
F70: =ROUND(E70*C70,0) -> 0
E71: Subtotal = | F71: =SUM(F69:F70) -> 12870
E72: Total Costo Directo = | F72: =F67+F62+F56+F71 -> 410556
